 Dungeon Crawl Stone Soup version 0.26.1-11-gd32895ea62 (webtiles) character file.

Game seed: 15242123573825383890

6779 vvl the Merchant of Misery (level 10, -15/77 HPs)
             Began as a Demonspawn Fighter on July 16, 2021.
             Was a Believer of Kikubaaqudgha.
             Killed from afar by a deep elf mage (34 damage)
             ... with a bolt of lightning
             ... on level 9 of the Dungeon.
             The game lasted 00:31:21 (12254 turns).

vvl the Merchant of Misery (Demonspawn Fighter)    Turns: 12254, Time: 00:31:22

Health: -15/77     AC: 15    Str: 25    XL:     10   Next: 76%
Magic:  17/17      EV: 14    Int: 15    God:    Kikubaaqudgha [**....]
Gold:   375        SH: 10    Dex: 14    Spells: 19/19 levels left

rFire    + . .     SeeInvis .   s - +0 short sword (venom)
rCold    . . .     Faith    .   c - +0 kite shield
rNeg     . . .     Spirit   .   t - +1 scale mail {Will+}
rPois    .         Reflect  .   i - +2 hat
rElec    .         Harm     .   (no cloak)
rCorr    .         Rampage  .   (no gloves)
Will     +....                  H - +0 pair of boots
Stlth    ..........             (no amulet)
HPRegen  0.22/turn              q - +6 ring of strength
MPRegen  0.15/turn              r - +6 ring of intelligence

@: mighty, agile
A: talons 2, molten scales 3, blink, powered by pain 1, spiny 1, MP-powered
wands
a: Blink, Renounce Religion, Receive Corpses


You were on level 9 of the Dungeon.
You worshipped Kikubaaqudgha.
Kikubaaqudgha was pleased with you.
You visited 2 branches of the dungeon, and saw 11 of its levels.

You collected 570 gold pieces.
You spent 195 gold pieces at shops.

Inventory:

Hand Weapons
 j - a +2 short sword of distortion
 s - a +0 short sword of venom (weapon)
 u - a +1 whip of electrocution
 B - a +0 halberd of pain
Armour
 c - a +0 kite shield (worn)
 i - a +2 hat (worn)
 t - a +1 scale mail of willpower (worn)
 H - a +0 pair of boots (worn)
Jewellery
 q - a +6 ring of strength (left hand)
 r - a +6 ring of intelligence (right hand)
 D - an uncursed ring of protection from fire
Wands
 a - a wand of flame (17)
 k - a wand of digging (8)
 A - a wand of iceblast (8)
 F - a wand of random effects (29)
Scrolls
 e - 5 scrolls of remove curse
 f - a scroll of enchant weapon
 g - a scroll of fear {unknown}
 h - 2 scrolls of teleportation
 l - 3 scrolls of enchant armour
 n - 5 scrolls of blinking
 o - a scroll of fog
 p - 2 scrolls of immolation
 w - a scroll of amnesia
 y - 2 scrolls of magic mapping
 G - a scroll of identify
Potions
 b - a potion of haste
 d - 2 potions of might
 m - a potion of berserk rage
 v - 2 potions of flight
 x - a potion of attraction
 z - 2 potions of resistance
 C - a potion of heal wounds
 E - a potion of lignification {unknown}


   Skills:
 + Level 6.4 Fighting
 + Level 5.4 Long Blades
 - Level 5.0 Armour
 - Level 2.0 Dodging
 - Level 4.0 Shields
 + Level 5.0 Spellcasting
 * Level 8.9 Necromancy
 + Level 4.6 Earth Magic
 + Level 4.4 Poison Magic
 + Level 4.3 Evocations


You had 19 spell levels left.
You didn't know any spells.
Your spell library contained the following spells:

 Spells                   Type           Power        Failure   Level
 Animate Skeleton         Necr           60%          3%          1
 Pain                     Necr           100%         3%          1
 Sublimation of Blood     Necr           15%          6%          2
 Vampiric Draining        Necr           15%          12%         3
 Sting                    Tmut/Pois      40%          52%         1
 Poisonous Vapours        Pois/Air       20%          65%         2
 Apportation              Tloc           6%           83%         1
 Beastly Appendage        Tmut           6%           83%         1
 Corona                   Hex            3%           83%         1
 Summon Small Mammal      Summ           12%          83%         1
 Spider Form              Tmut/Pois      5%           87%         3
 Wereblood                Tmut           3%           92%         2
 Olgreb's Toxic Radiance  Pois           17%          93%         4
 Ignite Poison            Fire/Tmut/Pois 8%           94%         3
 Mephitic Cloud           Conj/Pois/Air  8%           94%         3
 Ice Form                 Ice/Tmut       3%           100%        4
 Blade Hands              Tmut           1%           100%        5


Dungeon Overview and Level Annotations

Branches:
Dungeon (10/15)            Temple (1/1) D:5            Lair (0/6) D:8
    Orc: D:9-12

Altars:
Ashenzari
Cheibriados
Dithmenos
Elyvilon
Fedhas
Gozag
Hepliaklqana
Kikubaaqudgha
Makhleb
Nemelex Xobeh
Okawaru
Qazlal
Ru
Sif Muna
Trog
Uskayaw
Vehumet
Wu Jian
Xom
Yredelemnul
Zin
The Shining One

Shops:
D:4 =   D:5 !}   D:8 (

Annotations:
D:6 exclusion: statue


Innate Abilities, Weirdness & Mutations

You have razor-sharp toenails.
You are completely covered in molten scales. (AC +4, rF+)
You sometimes gain a little power by taking damage.
You are partially covered in sharp spines.
You can translocate small distances at will.
You expend magic power (3 MP) to strengthen your wands.


Message History

You focus on the pain.
You feel agile all of a sudden.
You closely miss the deep elf mage. The deep elf mage barely misses you.
You puncture the deep elf mage!
The deep elf mage is poisoned.
The deep elf mage is lightly wounded.
The deep elf mage points at you and mumbles some strange words.
The bolt of lightning misses you.
You puncture the deep elf mage!
The deep elf mage looks as sick as possible!
The deep elf mage is heavily wounded.
The deep elf mage gestures at you while chanting.
The bolt of lightning misses you.
You puncture the deep elf mage!
The deep elf mage is almost dead.
The deep elf mage mumbles some strange words.
The deep elf mage blinks!
The deep elf mage points at you and mumbles some strange words.
The bolt of lightning hits you!!
You die...
Kikubaaqudgha rasps: "You have failed me!
Welcome... death!"

..## #.#.# ... #.#.# ##..## #
#.#.# #..e##≈###.#.#
##.#.#≈≈.##.#.#
##....≈≈.≈##.#.# ##
###..#.#≈#.≈##.#.#
.############.§....≈≈##≈≈≈.#.#
..............##@##≈##.##..#.#
.###...###... #..#≈##≈.#.#..#
## ##..##########.####≈≈#.#.##
# ##.#.......#..##.##≈≈.#.#
#.#.......##≈..#.#.≈.#.# #
##.#.......#≈≈≈..>....#.# ##
##..........##.#......#..#
.###...#.......##..........##
...............####.....####


You could see a deep elf mage (extremely poisoned).

Vanquished Creatures
  A two-headed ogre (D:8)
  An ugly thing (D:8)
  2 trolls
  Prince Ribbit (D:5)
  A wraith (D:10)
  Sigmund (D:6)
  Grum (D:9)
  A wyvern (D:9)
  4 yaks (D:8)
  Menkaure (D:7)
  A water moccasin (D:9)
  3 orc warriors
  3 black bears
  A necrophage (D:7)
  3 centaurs (D:9)
  6 wolves
  3 ogres
  A big kobold (D:8)
  2 gnoll sergeants
  5 bullfrogs
  A scorpion (D:9)
  3 killer bees (D:7)
  2 electric eels (D:8)
  A bullfrog zombie (D:8)
  2 quasits (D:8)
  A centaur zombie (D:5)
  2 centaur skeletons
  2 jellies
  10 hounds
  4 orc wizards
  2 gnoll shamans
  2 bullfrog skeletons
  3 orc priests
  Ijyb (D:5)
  An iguana (D:8)
  5 worker ants
  A hound zombie (D:5)
  A worker ant zombie (D:5)
  15 gnolls
  6 adders
  A shadow imp (D:7)
  2 white imps (D:8)
  2 ufetubi
  3 worms
  An adder skeleton (D:8)
  3 dart slugs
  7 leopard geckos
  34 orcs
  3 giant cockroaches
  7 goblins
  A hobgoblin (D:1)
  4 jackals
  2 quokkas
  A ball python (D:3)
  9 bats
  2 frilled lizards
  A jackal skeleton (D:6)
  11 kobolds
  A leopard gecko skeleton (D:5)
  A leopard gecko zombie (D:5)
  6 rats
209 creatures vanquished.

Vanquished Creatures (others)
  3 jackals (D:6)
  A plant (D:4)
4 creatures vanquished.

Grand Total: 213 creatures vanquished

Notes
Turn   | Place    | Note
-------+----------+-------------------------------------------
     0 | D:1      | vvl the Demonspawn Fighter began the quest for the Orb.
     0 | D:1      | Reached XP level 1. HP: 18/18 MP: 1/1
   149 | D:1      | Gained mutation: You have sharp toenails. [demonic
                  | ancestry]
   149 | D:1      | Reached XP level 2. HP: 24/24 MP: 2/2
   449 | D:1      | Reached skill level 1 in Necromancy
   922 | D:2      | Gained mutation: You have razor-sharp toenails. [demonic
                  | ancestry]
   922 | D:2      | Reached XP level 3. HP: 23/29 MP: 3/3
  1088 | D:2      | Found a glowing golden altar of the Shining One.
  1245 | D:2      | Reached skill level 2 in Necromancy
  1255 | D:2      | Reached XP level 4. HP: 35/35 MP: 5/5
  1334 | D:2      | Found an ornate altar of the Wu Jian Council.
  1379 | D:2      | Reached skill level 1 in Dodging
  1613 | D:3      | Noticed an ogre
  1614 | D:3      | Reached skill level 1 in Spellcasting
  1986 | D:3      | Gained mutation: You are partially covered in molten
                  | scales. (AC +2) [demonic ancestry]
  1986 | D:3      | Reached XP level 5. HP: 10/41 MP: 6/6
  2185 | D:3      | Killed an ogre
  2186 | D:3      | Reached skill level 3 in Necromancy
  2359 | D:3      | Found a broken altar of Ashenzari.
  2361 | D:3      | Found an iron altar of Okawaru.
  2364 | D:3      | Found a glowing silver altar of Zin.
  2696 | D:3      | Gained mutation: You are partially covered in sharp spines.
                  | [demonic ancestry]
  2696 | D:3      | Reached XP level 6. HP: 47/47 MP: 8/8
  2734 | D:3      | Found a hide-covered altar of Uskayaw.
  2737 | D:3      | Noticed a +0 hand axe
  2737 | D:3      | Noticed a +0 hand axe
  2979 | D:4      | Found a blossoming altar of Fedhas.
  3735 | D:4      | Found a snail-covered altar of Cheibriados.
  3797 | D:4      | Reached skill level 4 in Necromancy
  3797 | D:4      | Gained mutation: You are mostly covered in molten scales.
                  | (AC +3) [demonic ancestry]
  3797 | D:4      | Reached XP level 7. HP: 29/53 MP: 8/10
  3991 | D:4      | Found Habellac's Jewellery Emporium.
  4051 | D:4      | Reached skill level 1 in Earth Magic
  4088 | D:4      | Found a sparkling altar of Nemelex Xobeh.
  4369 | D:5      | Entered Level 5 of the Dungeon
  4380 | D:5      | Found Itufei's Distillery.
  4399 | D:5      | Bought a potion of curing for 45 gold pieces
  4399 | D:5      | Bought a potion of haste for 150 gold pieces
  4464 | D:5      | Noticed Prince Ribbit
  4490 | D:5      | Killed Prince Ribbit
  4498 | D:5      | Found a staircase to the Ecumenical Temple.
  4676 | Temple   | Entered the Ecumenical Temple
  4856 | Temple   | Became a worshipper of Kikubaaqudgha
  4893 | D:5      | Noticed Ijyb
  4913 | D:5      | HP: 2/54 [acid (15)]
  4923 | D:5      | Killed Ijyb
  5232 | D:5      | Found a bloodstained altar of Trog.
  5319 | D:5      | Gained mutation: You are resistant to electric shocks.
                  | (rElec) [potion of mutation]
  5319 | D:5      | Gained mutation: You tend to lose your temper in combat.
                  | [potion of mutation]
  5319 | D:5      | Gained mutation: Your mind is acute. (Int +2) [potion of
                  | mutation]
  5320 | D:5      | Lost mutation: You are resistant to electric shocks.
                  | (rElec) [potion of mutation]
  5320 | D:5      | Lost mutation: Your mind is acute. (Int +2) [potion of
                  | mutation]
  5320 | D:5      | Lost mutation: You tend to lose your temper in combat.
                  | [potion of mutation]
  5320 | D:5      | Gained mutation: You expend magic power (3 MP) to
                  | strengthen your wands. [potion of mutation]
  5320 | D:5      | Gained mutation: You can translocate small distances at
                  | will. [potion of mutation]
  5649 | D:5      | Found Zaqy's Gadget Shop.
  5940 | D:6      | Reached skill level 5 in Necromancy
  5940 | D:6      | Reached XP level 8. HP: 60/60 MP: 11/11
  5980 | D:6      | Noticed Sigmund
  5990 | D:6      | Killed Sigmund
  5991 | D:6      | Reached skill level 1 in Evocations
  6750 | D:5      | Reached skill level 1 in Poison Magic
  7074 | D:6      | Found an ancient bone altar of Kikubaaqudgha.
  7160 | D:6      | Found a radiant altar of Vehumet.
  7358 | D:7      | Found a sacrificial altar of Ru.
  7417 | D:7      | Found a burning altar of Makhleb.
  7506 | D:7      | Reached skill level 6 in Necromancy
  7746 | D:7      | You fall into a shaft and drop 3 floors!
  7746 | D:10     | Entered Level 10 of the Dungeon
  7772 | D:10     | Reached skill level 5 in Fighting
  7772 | D:10     | Gained mutation: You sometimes gain a little power by
                  | taking damage. [demonic ancestry]
  7772 | D:10     | Reached XP level 9. HP: 15/68 MP: 0/14
  8135 | D:8      | Reached * piety under Kikubaaqudgha
  8135 | D:8      | Identified Kikubaaqudgha's Collected Works on Stolen Souls
                  | (Kikubaaqudgha gifted it to you on level 8 of the Dungeon)
  8135 | D:8      | Received a gift from Kikubaaqudgha
  8173 | D:8      | Noticed a troll
  8467 | D:7      | Noticed Menkaure
  8497 | D:7      | HP: 3/68 [poisoned by a killer bee]
  8502 | D:7      | HP: 2/68 [poisoned by a killer bee]
  8510 | D:7      | HP: 2/68 [poisoned by a killer bee]
  9057 | D:7      | Killed Menkaure
  9356 | D:8      | Reached skill level 7 in Necromancy
  9602 | D:8      | Noticed a brown ugly thing
  9637 | D:8      | Reached skill level 5 in Armour
  9793 | D:8      | Noticed a two-headed ogre
  9799 | D:8      | Killed a brown ugly thing
  9800 | D:8      | Gained mutation: You are completely covered in molten
                  | scales. (AC +4, rF+) [demonic ancestry]
  9800 | D:8      | Reached XP level 10. HP: 32/76 MP: 16/16
  9824 | D:8      | Killed a two-headed ogre
  9824 | D:8      | Reached ** piety under Kikubaaqudgha
  9825 | D:8      | Reached skill level 5 in Long Blades
  9825 | D:8      | Reached skill level 8 in Necromancy
 10663 | D:8      | Found a staircase to the Lair.
 10752 | D:8      | Found Ovuross's Weapon Shop.
 11263 | D:9      | Noticed Grum
 11283 | D:9      | Killed Grum
 11676 | D:9      | Reached skill level 5 in Spellcasting
 12246 | D:9      | Noticed a deep elf mage
 12254 | D:9      | Killed from afar by a deep elf mage

Illustrated notes

Levels and vault maps discovered:
D:1:      mrwooster_arrival_statue_2, layout_basic, minmay_misc_feat_room,
          kennysheep_another_room
D:2:      layout_basic, nzn_wu_jian_contemplation, kennysheep_crisscross,
          tso_metal_star
D:3:      layout_rooms, dancing_weapons_uskayaw, minitemple
D:4:      layout_layer_cave, kennysheep_slug_shrine, fedhas_ov_isle_minmay,
          serial_shops, shop_fountains, nemelex_spade_bored_becter
D:5:      layout_basic, bloody_trog, minmay_temple_entry_tees, serial_shops,
          shop, shop, minmay_misc_feat_pillars, uniq_prince_ribbit1,
          uniq_crazy_yiuf_cottage, uniq_ijyb
D:6:      layout_cave_pools, vehumet_statue, basic_altar, lemuel_flamethrower_2,
          uniq_sigmund
D:7:      layout_basic, lemuel_crystal_altar, nicolae_ru_sacrificial_ziggurat,
          uniq_menkaure
D:8:      layout_rooms, erik_lair_island, serial_shops, shop
D:9:      layout_loops_cross, minmay_crystal_water, minmay_large_rounded_square,
          chequers_serial_rivers_small_b, david_defended_altar_orc, uniq_grum
D:10:     layout_stronghold, zombieorc2_lemuel
Temple:   minmay_temple_bridge_abc

Skill      XL: |  1  2  3  4  5  6  7  8  9 10 |
---------------+-------------------------------+-----
Long Blades    | 2 3 4 5 |  5.4
Necromancy     | 1 2 3 4 5 6 7 8 |  8.9
Armour         | 3 4 5 |  5.0
Dodging        | 1 2 |  2.0
Spellcasting   | 1 2 3 4 5 |  5.0
Shields        | 3 4 |  4.0
Earth Magic    | 1 2 3 4 |  4.6
Fighting       | 4 5 6 |  6.4
Evocations     | 2 3 4 |  4.3
Poison Magic   | 2 3 4 |  4.4

Action                   |  1- 3 |  4- 6 |  7- 9 | 10-12 || total
-------------------------+-------+-------+-------+-------++-------
Melee: Long sword        |    27 |       |       |       ||    27
       Short sword       |    44 |   129 |   317 |   134 ||   624
       Kick              |     9 |    46 |   127 |    45 ||   227
       Whip              |       |       |     7 |       ||     7
Evoke: Wand              |       |       |    16 |     4 ||    20
  Use: Potion            |       |     1 |     8 |     1 ||    10
       Scroll            |       |       |     9 |     9 ||    18
Armor: Scale mail        |    30 |    36 |   135 |    61 ||   262
Dodge: Dodged            |    20 |    32 |   109 |    56 ||   217
Block: Kite shield       |    39 |    57 |   204 |    82 ||   382
       Rpst.: Long sword |     4 |       |       |       ||     4
